General information
- name: grudge
- type: Custom game
- host: jerund2
- saver: fineX
map: TerenasStand
- players: 3
- length: 11:39
- speed: Fast
- version: 1.24 W3XP
- replay type: Public
» download(42 KB)
Players
team 1 (loser)
nonent (
blue | 99 APM | 1153 actions | 11:37)
3 Far Seer
2 Feral Spirit
1 Chain Lighting
» actions
| Assign group hotkey | 22 | |
| Build / train | 37 | |
| Enter build submenu | 18 | |
| Enter hero's abilities submenu | 3 | |
| Remove unit from queue | 1 | |
| Right click | 561 | |
| Select / deselect | 198 | |
| Select group hotkey | 251 | |
| Use ability | 62 | |
1153 total
» units
| Peon | 10 | |
| Raider | 8 | |
| Spirit Walker | 3 | |
| Shaman | 1 | |
22 total
» upgrades
| Ensnare | 2 | |
| Spirit Walker Training | 1 | |
| Pillage | 1 | |
4 total
» buildings
| Altar of Storms | 1 | |
| Orc Burrow | 5 | |
| Voodoo Lounge | 1 | |
| Stronghold | 1 | |
| Beastiary | 2 | |
| Spirit Lodge | 1 | |
| War Mill | 1 | |
| Watch Tower | 4 | |
16 total
» build order
00:18 Altar of Storms
00:26 Orc Burrow
00:50 Voodoo Lounge
02:07 Stronghold
02:17 Orc Burrow
03:13 Orc Burrow
04:30 Beastiary
04:33 Spirit Lodge
04:40 War Mill
04:45 Orc Burrow
05:04 Beastiary
06:35 Watch Tower
07:08 Watch Tower
07:50 Orc Burrow
10:54 Watch Tower
11:11 Watch Tower
» items
| Healing Salve | 3 | |
| Lesser Clarity Potion | 2 | |
5 total
team 2 (winner)
fineX (
red | 124 APM | 1448 actions | 11:39)
3 Blademaster
2 Wind Walk
1 Critical Strike
1 Shadow Hunter
1 Hex
» actions
| Assign group hotkey | 130 | |
| Build / train | 38 | |
| Enter build submenu | 27 | |
| Enter hero's abilities submenu | 4 | |
| Right click | 888 | |
| Select / deselect | 154 | |
| Select group hotkey | 132 | |
| Use ability | 75 | |
1448 total
» units
» upgrades
» buildings
| Altar of Storms | 1 | |
| Orc Burrow | 4 | |
| Barracks | 1 | |
| War Mill | 1 | |
| Voodoo Lounge | 1 | |
| Stronghold | 10 | |
| Watch Tower | 17 | |
| Fortress | 1 | |
| Beastiary | 1 | |
37 total
» build order
00:05 Altar of Storms
00:09 Orc Burrow
00:36 Barracks
01:33 Orc Burrow
02:17 War Mill
03:17 Voodoo Lounge
04:08 Stronghold
04:08 Stronghold
04:09 Stronghold
04:09 Stronghold
05:20 Watch Tower
05:21 Watch Tower
05:25 Watch Tower
05:38 Watch Tower
05:49 Watch Tower
05:52 Orc Burrow
05:57 Watch Tower
06:48 Watch Tower
06:50 Watch Tower
07:02 Watch Tower
07:37 Fortress
07:40 Orc Burrow
07:48 Beastiary
08:29 Watch Tower
08:46 Watch Tower
08:48 Watch Tower
09:03 Watch Tower
09:29 Watch Tower
10:44 Watch Tower
10:45 Watch Tower
11:19 Watch Tower
» items
refereesjerund2 Chat log
(00:04 / All) nonent: gl hf
(00:10 / All) nonent: gonna do this shit 2003 style
(00:11 / All) jerund2: BLUE IS IN THE 10 OCLOCK POSITION
(00:12 / All) fineX: FUCK U!!!!!!!!
(00:30 / All) jerund2: REPEAT BLUE IS IN THE 10 OCLOCK POSITION AND HE IS ORC
(00:42 / All) fineX: im lagging
(00:51 / All) jerund2: lemme turn of the latency reducer
(00:59 / All) jerund2: but everyone lags to me since i moved to san diego :/
(01:12 / All) nonent: more like san fran u fagort
(02:20 / All) jerund2: i wish i had nick "tasteless" plotz's talent for commentary
(02:26 / All) jerund2: i should be commentating the shit out of this right now
(02:45 / All) fineX: nice burro nigger
(02:49 / All) fineX: ...not!!!!!!!!!!!
(02:50 / All) jerund2: NERF BM OMG
(03:20 / All) fineX: GL HF
(03:25 / All) nonent: same 2 u
(03:30 / All) fineX: ......NOT!!!
(03:45 / All) jerund2: and red's blademaster beats a hasty retreat after delaying blue's orc burrow
(03:54 / All) nonent: hm retreat huh
(03:58 / All) nonent: thx jer
(04:06 / All) nonent: checks in the mail
(04:07 / All) jerund2: oh oops
(04:30 / All) jerund2: nonent is fuckin' earhacking
(04:45 / All) fineX: blunt cruisin
(05:05 / All) jerund2: finecks has lots of these tuaren things, are they good
(05:12 / All) nonent: hm
(05:30 / All) fineX: lag
(05:32 / All) jerund2: SIKE THEY WERE GRUNTS
(05:38 / All) jerund2: WHOSE SIDE AM I REALLY ON!?!?!
(06:05 / All) fineX: fuckin lag
(06:15 / All) jerund2: NOOBTARA THE BLADEMASTER GOES DOWN!!!!!
(06:25 / All) nonent: gg
(07:22 / All) fineX: fuckin kalg
(07:33 / All) jerund2: woah nonent really does have a tauren
(07:39 / All) jerund2: a spirit guide
(07:43 / All) jerund2: to take him to the promised land
(07:46 / All) jerund2: as he will soon be dead
(07:54 / All) jerund2: a wise decision, methinks
(08:38 / All) jerund2: more like gaymaster ... so imba
(09:10 / All) jerund2: WOAH A PROXY BESTIARY
(09:16 / All) jerund2: SHIT IS GETTING BRUTAL
(09:38 / All) jerund2: OMG SO IMBA GHOSTWALK
(10:19 / All) fineX: GG FS
(10:48 / All) jerund2: i had a negal ring on d2
(10:50 / All) fineX: GG
(10:54 / All) jerund2: pretty sure it was like the best item in the game
(11:03 / All) jerund2: traded like 20 sojs for it
(11:21 / All) jerund2: SHAKA ZULU the shadow hunter joins the fray!
(11:26 / All) nonent: gay
(11:28 / All) nonent: i conced
(11:29 / All) jerund2: and their singing talent goes up threefold!
(11:31 / All) nonent: conceed